 Dungeon Crawl Stone Soup version 0.30-a0-989-g0d87f670db (webtiles) character file.

Game seed: 6699708139917533639

33 leviel the Trooper (level 3, -5/33 HPs)
             Began as a Hill Orc Fighter on Apr 4, 2023.
             Slain by Sigmund
             ... wielding a +0 scythe
              (7 damage)
             ... on level 2 of the Dungeon.
             The game lasted 00:01:25 (822 turns).

leviel the Trooper (Hill Orc Fighter)                Turns: 822, Time: 00:01:26

Health: -5/33      AC:  7    Str: 20    XL:     3   Next: 29%
Magic:  3/3        EV:  9    Int:  8    God:
Gold:   33         SH:  4    Dex: 10    Spells: 2/2 levels left

rFire   . . .      SeeInvis .    a - +0 war axe
rCold   . . .      Faith    .    c - +0 buckler
rNeg    . . .      Spirit   .    b - +0 scale mail
rPois   .          Reflect  .    (no helmet)
rElec   .          Rampage  .    (no cloak)
rCorr   .                        (no gloves)
Will    .....                    (no boots) Stlth
                                 (no amulet)
HPRegen 0.25/turn                (no ring)
MPRegen 0.08/turn                (no ring)

@: mighty
A: no striking features
a: no special abilities


You were on level 2 of the Dungeon.
You visited 1 branch of the dungeon, and saw 2 of its levels.

You collected 33 gold pieces.

Inventory:

Hand Weapons
 a - a +0 war axe (weapon)
Armour
 b - a +0 scale mail (worn)
 c - a +0 buckler (worn)
Wands
 h - a wand of digging (6)
Potions
 e - a potion of magic {unknown}
 g - 2 potions of haste
 i - a potion of degeneration {unknown}


   Skills:
 + Level 4.0 Fighting
 + Level 3.3 Axes
 + Level 3.7 Armour
 + Level 3.7 Shields


You had 2 spell levels left.
You didn't know any spells.
Your spell library contained the following spells:

 Spells                   Type           Power      Damage    Failure   Level
 Alistair's Intoxication  Tmut/Pois      0%         N/A       100%        5
 Borgnjor's Vile Clutch   Necr/Erth      0%         N/A       100%        5
 Eringya's Noxious Bog    Tmut/Pois      0%         N/A       100%        6


Dungeon Overview and Level Annotations

Branches:
Dungeon (2/15)

Altars:

Shops:
D:1 ?

Annotations:
D:2 Sigmund


Message History

Your experience leads to an increase in your attributes!
Increase (S)trength, (I)ntelligence, or (D)exterity?
You feel stronger. x2
You now have 18 gold pieces (gained 6).
You now have 33 gold pieces (gained 15).
Sigmund the Dreaded comes into view.
He is wielding a +0 scythe.
Found a brown potion.
Sigmund shouts!
Sigmund is nearby!
Sigmund is nearby!
Sigmund points at you and mumbles some strange words.
The puff of flame hits you!
You hear a shout!
You feel very mighty all of a sudden.
You hear a shout!
A gnoll comes into view.
It is wielding a +2 spear of freezing. 2 gnolls come into view.
The gnoll shouts!
Sigmund casts a spell at you. The puff of flame hits you.
The gnoll moves out of view.
Sigmund casts a spell at you. The puff of flame misses you.
Sigmund mumbles some strange words.
Sigmund flickers and vanishes!
Deactivating autopickup; reactivate with Ctrl-A.
You block the gnoll's attack.
You hit the gnoll.
The gnoll is heavily wounded.
Something hits you but does no damage. The gnoll closely misses you.
You slash the gnoll!
You kill the gnoll!
A quokka comes into view.
Something hits you!
* * * LOW HITPOINT WARNING * * *
You block the gnoll's attack. Something hits you!
* * * LOW HITPOINT WARNING * * *
You see here a +2 spear of freezing.
You miss something. Something hits you!
You die...

. .. #.#. .#.#
...## ...# .g# #
#.# ####.#@#######
.. #...g......!.#
......#####.####.#
...##.# #.## .....#
#..## ...# #.#.##
##.#####.##.######
#........###.....#
###......###.####.#


You could see 2 gnolls.

Vanquished Creatures
  A gnoll (D:2)
  A dart slug (D:2)
  4 bats (D:1)
  3 endoplasms (D:1)
  3 giant cockroaches (D:1)
  A goblin (D:1)
  2 hobgoblins (D:1)
  A ball python (D:1)
  3 kobolds (D:1)
  2 rats (D:1)
21 creatures vanquished.

Notes
Turn   | Place    | Note
-------+----------+-------------------------------------------
     0 | D:1      | leviel the Hill Orc Fighter began the quest for the Orb.
     0 | D:1      | Reached XP level 1. HP: 19/19 MP: 1/1
   179 | D:1      | Found a faded altar of an unknown god.
   202 | D:1      | Reached XP level 2. HP: 27/27 MP: 2/2
   369 | D:1      | Found Niphum's Magic Scroll Emporium.
   687 | D:1      | Reached skill level 4 in Fighting
   777 | D:2      | Reached XP level 3. HP: 33/33 MP: 3/3
   811 | D:2      | Noticed Sigmund
   821 | D:2      | HP: 1/33 [something (8)]
   822 | D:2      | Slain by Sigmund

Illustrated notes

Levels and vault maps discovered:
D:1:      nagdon_arrival_double_spiral, layout_basic, serial_shops, shop,
          hellmonk_ecumenical_altar_zigzags, kennysheep_small_spiral
D:2:      layout_loops_ring, uniq_sigmund, uniq_robin

Skill      XL: |  1  2 |
---------------+-------+-----
Axes           | 3 |  3.3
Fighting       | 4 |  4.0
Armour         | |  3.7
Shields        | |  3.7

Action                     || total
---------------------------++-------
  Melee: War axe           ||    52
    Use: Scroll            ||     1
         Potion            ||     1
 Armour: Scale mail        ||    24
  Dodge: Dodged            ||    37
  Block: Buckler           ||     8

Table legend: (Time is in decaauts)
 A = Elapsed time spent in this place.
 B = Non-inter-level travel time spent in this place.
 C = Inter-level travel time spent in this place.
 D = Time resting spent in this place.
 E = Time spent auto-exploring this place.
 F = Levels seen in this place.
 G = Mean time per level.
                   A        B        C        D        E       F      G
               +--------+--------+--------+--------+--------+-----+--------+
         Total |    841 |    807 |     34 |      0 |    662 |   2 |  420.5 |
       Dungeon |    841 |    807 |     34 |      0 |    662 |   2 |  420.5 |
               +--------+--------+--------+--------+--------+-----+--------+

Top non-repeatable levels by time:
     D:1: 786 daAuts
     D:2: 55 daAuts
